 Dungeon Crawl Stone Soup version 0.30-a0-222-ge547ba4400 (webtiles) character file.

Game seed: 14244060891226274862

718 qw the Chopper (level 7, 1/1 HPs)
             Began as a Gargoyle Fighter on Oct 8, 2022.
             Quit the game on level 5 of the Dungeon.
             The game lasted 00:07:21 (38181 turns).

qw the Chopper (Gargoyle Fighter)                  Turns: 38181, Time: 00:07:21

Health: 1/1        AC: 21    Str: 21    XL:     7   Next: 70%
Magic:  6/6        EV:  7    Int:  9    God:
Gold:   59         SH:  4    Dex:  9    Spells: 6/6 levels left

rFire   . . .      SeeInvis .    Y - +1 war axe
rCold   + . .      Faith    .    c - +0 buckler
rNeg    + . .      Spirit   .    l - +0 chain mail
rPois   inf        Reflect  .    b - +0 helmet
rElec   +          Harm     .    (no cloak)
rCorr   .          Rampage  .    i - +0 pair of gloves
Will    .....                    (no boots)
Stlth   ..........               (no amulet)
HPRegen 0.20/turn                o - ring of protection from cold
MPRegen 0.10/turn                q - +4 ring of protection

@: no status effects
A: sickness immunity, AC +4, negative energy resistance 1, electricity
resistance, torment resistance 1, petrification resistance, low MP 1, shaggy fur
1
a: no special abilities


You were on level 5 of the Dungeon.
You visited 2 branches of the dungeon, and saw 6 of its levels.
You also visited: Sewer.

You collected 307 gold pieces.
You spent 248 gold pieces at shops.


Innate Abilities, Weirdness & Mutations

You are immune to sickness and miasma.
Your stone body is resilient. (AC +4)
You are immune to poison.
You resist negative energy. (rN+)
You are resistant to electric shocks. (rElec)
You are resistant to unholy torment.
You are immune to petrification.
Your magical capacity is low. (-10% MP)
You are covered in fur. (AC +1)


   Skills:
 + Level 4.7 Fighting
 - Level 7.0 Axes
 - Level 3.2 Armour
 - Level 1.0 Dodging
 - Level 3.2 Shields


You had 6 spell levels left.
You didn't know any spells.
Your spell library was empty.

Inventory:

Hand Weapons
 v - a +0 mace
 Y - a +1 war axe (weapon)
Armour
 b - a +0 helmet (worn)
 c - a +0 buckler (worn)
 i - a +0 pair of gloves (worn)
 l - a +0 chain mail (worn)
Jewellery
 n - a ring of fire
 o - a ring of protection from cold (left hand)
 p - a ring of resist corrosion
 q - a +4 ring of protection (right hand)
Scrolls
 e - a scroll of teleportation
 k - 3 scrolls of identify
Potions
 a - 5 potions of curing
 d - 3 potions of might
 f - a potion of mutation
 h - a potion of heal wounds
 j - 3 potions of attraction
 m - 2 potions of haste
 s - a potion of lignification

Dungeon Overview and Level Annotations

Branches:
Dungeon (5/15)             Temple (1/1) D:4           Sewer (visited)

Altars:
Ashenzari
Cheibriados
Dithmenos
Elyvilon
Fedhas
Gozag
Hepliaklqana
Kikubaaqudgha
Makhleb
Nemelex Xobeh
Qazlal
Ru
Sif Muna
Uskayaw
Vehumet
Wu Jian
Xom
Yredelemnul
Zin

Shops:
D:2 *:**   D:4 (*!?


Message History

There is an escape hatch in the ceiling here.
There is an open door here.
There is a stone staircase leading up here.
There is an open door here.
There is an escape hatch in the ceiling here.
There is an open door here.
There is a stone staircase leading up here.
(D) Dungeon (T) Temple
Where to? (* - list waypoints, Enter - D:5 @ (x,y), ? - help)
What level of the Dungeon? (default 1, ? - help)
You climb upwards.
There is a stone staircase leading down here.
Done exploring.
(D) Dungeon (T) Temple
Where to? (* - list waypoints, Enter - D:4, ? - help)
What level of the Dungeon? (default 1, ? - help)
You climb downwards.
There is a stone staircase leading up here.
There is an open door here.
There is an escape hatch in the ceiling here.
There is an open door here.
Zot has nearly found you.
Suffering is imminent.
Descend or flee this branch!
There is a stone staircase leading up here.
There is an open door here.
There is an escape hatch in the ceiling here.
There is an open door here.
There is a stone staircase leading up here.
(D) Dungeon (T) Temple
Where to? (* - list waypoints, Enter - D:5 @ (x,y), ? - help)
What level of the Dungeon? (default 1, ? - help)
You climb upwards.
There is a stone staircase leading down here.
Done exploring.
(D) Dungeon (T) Temple
Where to? (* - list waypoints, Enter - D:4, ? - help)
What level of the Dungeon? (default 1, ? - help)
You climb downwards.
There is a stone staircase leading up here.
Zot's power touches on you...
HP restored.
Are you sure you want to abandon this character and quit the game? (Confirm with "yes".)

## #####################
#. #......@............#
#. #.#########.........#
#. ####.# #.........###.
#<...# #####.....)...
###### #.........
#......... #.####
########.........
#>....####................
#.......##......).........


There were no monsters in sight!

Vanquished Creatures
  2 black bears
  A kobold brigand (Sewer)
  3 hounds (D:5)
  An orc priest (D:4)
  3 iguanas
  16 adders
  2 river rats (Sewer)
  An ufetubus (D:5)
  2 worms (Sewer)
  2 dart slugs
  7 orcs
  5 endoplasms
  7 giant cockroaches
  8 goblins
  6 hobgoblins
  3 jackals
  4 quokkas
  13 ball pythons
  6 bats
  3 frilled lizards
  12 kobolds
  4 rats
111 creatures vanquished.

Vanquished Creatures (others)
  A plant (D:5)
1 creature vanquished.

Grand Total: 112 creatures vanquished

Notes
Turn   | Place    | Note
-------+----------+-------------------------------------------
     0 | D:1      | qw the Gargoyle Fighter began the quest for the Orb.
     0 | D:1      | Reached XP level 1. HP: 14/14 MP: 1/1
     0 | D:1      | 0 ||| qw: Version: 0.2-a-17-g79969f3
     0 | D:1      | 0 ||| qw: Game counter: 1982
     0 | D:1      | 0 ||| qw: Always use a shield: true
     0 | D:1      | 0 ||| qw: God list: Okawaru
     0 | D:1      | 0 ||| qw: Allow faded altars: false
     0 | D:1      | 0 ||| qw: Do Orc after D:15 true
     0 | D:1      | 0 ||| qw: Do second Lair branch before Depths: true
     0 | D:1      | 0 ||| qw: Lair rune preference: random
     0 | D:1      | 0 ||| qw: Plans: Normal, Zot:1-4, God:TSO, Crypt, Tomb,
                  | Pan, Slime:5, Hells, Abyss, Orb
     0 | D:1      | 0 ||| PLANNING D:1-11
    26 | D:1      | 26 ||| Stepping randomly (stuck).
    36 | D:1      | Reached skill level 2 in Axes
    63 | D:1      | Reached XP level 2. HP: 19/19 MP: 2/2
   159 | D:1      | You fall into a shaft and drop 1 floor!
   236 | D:2      | 236 ||| UPGRADING to ring of resist corrosion.
   237 | D:2      | 237 ||| READING scroll labelled JIUSIDOYHI.
   238 | D:2      | 238 ||| READING scroll labelled TETAUTTAMA.
   456 | D:1      | Reached skill level 3 in Axes
   625 | D:1      | Reached XP level 3. HP: 23/23 MP: 3/3
   946 | D:1      | 946 ||| UPGRADING to +0 pair of gloves.
  1067 | D:2      | 1067 ||| Stepping ~*~*~tactically~*~*~ (stealth).
  1089 | D:2      | Found Giadwa's Assorted Antiques.
  1095 | D:2      | 1095 ||| BUYING glowing grey potion (18 gold).
  1095 | D:2      | Bought a glowing grey potion for 18 gold pieces
  1095 | D:2      | 1095 ||| SHOPLISTING helmet (90 gold, have 42).
  1095 | D:2      | 1095 ||| SHOPLISTING notched onyx ring (100 gold, have 42).
  1095 | D:2      | 1095 ||| BUYING puce potion (18 gold).
  1095 | D:2      | Bought a puce potion for 18 gold pieces
  1095 | D:2      | 1095 ||| SHOPLISTING runed whip (110 gold, have 24).
  1095 | D:2      | 1095 ||| BUYING scroll labelled EPROTA ZARE (20 gold).
  1095 | D:2      | Bought a scroll labelled EPROTA ZARE for 20 gold pieces
  1131 | D:2      | Found an ornate altar of the Wu Jian Council.
  1207 | D:2      | Found Zygimusk's Book Shoppe.
  1299 | D:2      | 1299 ||| Stepping ~*~*~tactically~*~*~ (stealth).
  1331 | D:2      | 1331 ||| Stepping ~*~*~tactically~*~*~ (stealth).
  1333 | D:2      | 1333 ||| Stepping ~*~*~tactically~*~*~ (stealth).
  1338 | D:2      | Reached XP level 4. HP: 28/28 MP: 4/4
  1441 | D:2      | Found Asixoho's Assorted Antiques.
  1449 | D:2      | 1449 ||| SHOPLISTING fine mace (152 gold, have 26).
  1449 | D:2      | 1449 ||| SHOPLISTING flail (66 gold, have 26).
  1449 | D:2      | 1449 ||| BUYING glowing golden potion (17 gold).
  1449 | D:2      | Bought a glowing golden potion for 17 gold pieces
  1449 | D:2      | 1449 ||| SHOPLISTING potion of might (76 gold, have 9).
  1595 | D:2      | Found Hicsaedi's Assorted Antiques.
  1603 | D:2      | Reached skill level 4 in Axes
  1603 | D:2      | 1603 ||| DROPPING +0 club.
  1611 | D:2      | 1611 ||| SHOPLISTING black potion (27 gold, have 20).
  1611 | D:2      | 1611 ||| SHOPLISTING blackened cabochon amulet (150 gold,
                  | have 20).
  1611 | D:2      | 1611 ||| SHOPLISTING scroll labelled DOTOOL WETUIX (30
                  | gold, have 20).
  1611 | D:2      | 1611 ||| SHOPLISTING scroll labelled LATE IMMAXTIS (30
                  | gold, have 20).
  1663 | D:2      | 1663 ||| UPGRADING to +4 ring of protection.
  1664 | D:2      | 1664 ||| READING 3 scrolls labelled DOTOOL WETUIX.
  1665 | D:2      | 1665 ||| READING scroll labelled WEDIAMNYWA.
  1683 | D:2      | 1683 ||| READING scroll labelled EPROTA ZARE.
  1684 | D:2      | 1684 ||| READING 2 scrolls labelled FYIMIGRENUI.
  1685 | D:2      | 1685 ||| READING scroll labelled CAFUXA ERIA.
  1686 | D:2      | 1686 ||| DRINKING 2 puce potions.
  1686 | D:2      | Gained mutation: Your magical capacity is low. (-10% MP)
                  | [potion of mutation]
  1686 | D:2      | Gained mutation: You are covered in fur. (AC +1) [potion of
                  | mutation]
  1687 | D:2      | 1687 ||| DRINKING 2 glowing grey potions.
  1688 | D:2      | 1688 ||| READING 2 scrolls of identify.
  1688 | D:2      | 1688 ||| IDENTIFYING coppery potion
  1689 | D:2      | 1689 ||| DROPPING scroll of noise.
  1735 | D:3      | 1735 ||| PLANNING SEWER
  1739 | D:3      | 1739 ||| STAIRDANCE
  1849 | D:3      | Found a white marble altar of Elyvilon.
  1899 | D:3      | Found a sacrificial altar of Ru.
  2108 | D:3      | Reached XP level 5. HP: 31/32 MP: 4/4
  2166 | D:3      | Found a glowing drain.
  2173 | D:3      | 2173 ||| READING scroll labelled PASATE LESIFI.
  2174 | D:3      | 2174 ||| READING scroll labelled WUFEPP NIFEA.
  2177 | D:3      | 2177 ||| DRINKING 2 fizzy orange potions.
  2178 | D:3      | 2178 ||| DRINKING 2 yellow potions.
  2179 | D:3      | 2179 ||| DRINKING 2 glowing golden potions.
  2280 | D:3      | 2280 ||| READING 3 scrolls of identify.
  2280 | D:3      | 2280 ||| IDENTIFYING bubbling green potion
  2281 | D:3      | 2281 ||| READING 2 scrolls of identify.
  2281 | D:3      | 2281 ||| IDENTIFYING black potion
  2282 | D:3      | 2282 ||| DROPPING potion of flight.
  2283 | D:3      | 2283 ||| DROPPING potion of ambrosia.
  2367 | Sewer    | Entered a sewer
  2452 | Sewer    | 2452 ||| Stepping ~*~*~tactically~*~*~ (water).
  2484 | Sewer    | Reached skill level 5 in Axes
  2552 | Sewer    | 2552 ||| Stepping ~*~*~tactically~*~*~ (stealth).
  2630 | Sewer    | Noticed a kobold brigand
  2640 | Sewer    | Killed a kobold brigand
  2641 | Sewer    | Reached XP level 6. HP: 33/39 MP: 5/5
  2669 | Sewer    | 2669 ||| DRINKING 2 smoky yellow potions.
  2670 | Sewer    | 2670 ||| READING 2 scrolls of identify.
  2670 | Sewer    | 2670 ||| IDENTIFYING golden potion
  2671 | Sewer    | 2671 ||| DROPPING potion of degeneration.
  2672 | Sewer    | 2672 ||| DROPPING potion of brilliance.
  2701 | D:3      | 2701 ||| PLANNING D:1-11
  2869 | D:3      | 2869 ||| READING scroll labelled IREMEM MEFFIA.
  2916 | D:4      | Reached skill level 1 in Dodging
  3003 | D:4      | Found an opulent altar of Gozag.
  3026 | D:4      | Found Xanisch's Distillery.
  3031 | D:4      | 3031 ||| Stepping ~*~*~tactically~*~*~ (hiding).
  3035 | D:4      | Noticed a black bear
  3036 | D:4      | 3036 ||| Stepping ~*~*~tactically~*~*~ (stealth).
  3060 | D:4      | Killed a black bear
  3103 | D:4      | 3103 ||| BUYING potion of curing (42 gold).
  3103 | D:4      | Bought a potion of curing for 42 gold pieces
  3103 | D:4      | 3103 ||| BUYING potion of curing (42 gold).
  3103 | D:4      | Bought a potion of curing for 42 gold pieces
  3103 | D:4      | 3103 ||| BUYING potion of curing (42 gold).
  3103 | D:4      | Bought a potion of curing for 42 gold pieces
  3103 | D:4      | 3103 ||| SHOPLISTING potion of haste (140 gold, have 11).
  3103 | D:4      | 3103 ||| SHOPLISTING potion of heal wounds (70 gold, have
                  | 11).
  3113 | D:4      | Found a staircase to the Ecumenical Temple.
  3114 | D:4      | 3114 ||| PLANNING TEMPLE
  3114 | D:4      | 3114 ||| UPGRADING to +0 chain mail.
  3124 | D:4      | 3124 ||| DROPPING +0 scale mail.
  3132 | Temple   | Entered the Ecumenical Temple
  3283 | Temple   | 3283 ||| PLANNING D:1-11
  3377 | D:4      | Reached XP level 7. HP: 28/44 MP: 6/6
  3478 | D:4      | Found Edghuunn's General Store.
  3479 | D:4      | Found Vemyk's Weapon Shop.
  3482 | D:4      | 3482 ||| BUYING +0 helmet (49 gold).
  3482 | D:4      | Bought a +0 helmet for 49 gold pieces
  3482 | D:4      | 3482 ||| SHOPLISTING +5 flail of protection (343 gold, have
                  | 16).
  3482 | D:4      | 3482 ||| SHOPLISTING scroll of enchant armour (82 gold,
                  | have 16).
  3482 | D:4      | 3482 ||| SHOPLISTING scroll of teleportation (33 gold, have
                  | 16).
  3489 | D:4      | 3489 ||| SHOPLISTING +0 broad axe (52 gold, have 16).
  3489 | D:4      | 3489 ||| SHOPLISTING +0 flail (45 gold, have 16).
  3489 | D:4      | 3489 ||| SHOPLISTING +1 vorpal mace (149 gold, have 16).
  3528 | D:4      | Found Orusen's Magic Scroll Shop.
  3533 | D:4      | 3533 ||| SHOPLISTING scroll of identify (22 gold, have 16).
  3533 | D:4      | 3533 ||| SHOPLISTING scroll of teleportation (33 gold, have
                  | 16).
  3581 | D:4      | Found a broken altar of Ashenzari.
  3627 | D:4      | 3627 ||| UPGRADING to +0 helmet.
  3632 | D:4      | 3632 ||| UPGRADING to ring of protection from cold.
  3634 | D:4      | 3634 ||| READING scroll labelled JAABEGRUOPNI.
  3646 | D:5      | Entered Level 5 of the Dungeon
  3647 | D:5      | 3647 ||| STAIRDANCE
  3651 | D:5      | 3651 ||| STAIRDANCE
  3655 | D:5      | 3655 ||| STAIRDANCE
  3659 | D:5      | 3659 ||| STAIRDANCE
  3663 | D:5      | 3663 ||| STAIRDANCE
  3667 | D:5      | 3667 ||| STAIRDANCE
  3671 | D:5      | 3671 ||| STAIRDANCE
  3675 | D:5      | 3675 ||| STAIRDANCE
  3679 | D:5      | 3679 ||| STAIRDANCE
  3683 | D:5      | 3683 ||| STAIRDANCE
  3687 | D:5      | 3687 ||| STAIRDANCE
  3691 | D:5      | 3691 ||| STAIRDANCE
  3695 | D:5      | 3695 ||| STAIRDANCE
  3699 | D:5      | 3699 ||| STAIRDANCE
  3703 | D:5      | 3703 ||| STAIRDANCE
  3707 | D:5      | 3707 ||| STAIRDANCE
  3711 | D:5      | 3711 ||| STAIRDANCE
  3715 | D:5      | 3715 ||| STAIRDANCE
  3719 | D:5      | 3719 ||| STAIRDANCE
  3723 | D:5      | 3723 ||| STAIRDANCE
  3758 | D:5      | Reached skill level 6 in Axes
  3765 | D:5      | 3765 ||| DROPPING +0 vorpal war axe.
  3788 | D:5      | Found a hazy altar of Hepliaklqana.
  3789 | D:5      | 3789 ||| DROPPING amulet of faith.
  3916 | D:5      | Identified the +7 sling "Orb Guardian's Bane" {vorpal,
                  | Will+ Str+2}
  4156 | D:5      | Reached skill level 7 in Axes
  4175 | D:5      | 4175 ||| Stepping ~*~*~tactically~*~*~ (hiding).
  4361 | D:5      | 4361 ||| READING scroll labelled HOMEUH KIPOPA.
 29233 | D:5      | Glimpsed the power of Zot.
 29730 | D:5      | Glimpsed the power of Zot.
 30128 | D:5      | Glimpsed the power of Zot.
 30228 | D:5      | Touched by the power of Zot.
 30229 | D:5      | Glimpsed the power of Zot.
 30725 | D:5      | Glimpsed the power of Zot.
 31123 | D:5      | Glimpsed the power of Zot.
 31221 | D:5      | Touched by the power of Zot.
 31222 | D:5      | Glimpsed the power of Zot.
 31719 | D:5      | Glimpsed the power of Zot.
 32117 | D:5      | Glimpsed the power of Zot.
 32215 | D:5      | Touched by the power of Zot.
 32216 | D:5      | Glimpsed the power of Zot.
 32713 | D:5      | Glimpsed the power of Zot.
 33111 | D:5      | Glimpsed the power of Zot.
 33209 | D:5      | Touched by the power of Zot.
 33210 | D:5      | Glimpsed the power of Zot.
 33707 | D:5      | Glimpsed the power of Zot.
 34105 | D:5      | Glimpsed the power of Zot.
 34203 | D:5      | Touched by the power of Zot.
 34204 | D:5      | Glimpsed the power of Zot.
 34701 | D:5      | Glimpsed the power of Zot.
 35099 | D:5      | Glimpsed the power of Zot.
 35198 | D:5      | Touched by the power of Zot.
 35199 | D:5      | Glimpsed the power of Zot.
 35696 | D:5      | Glimpsed the power of Zot.
 36094 | D:5      | Glimpsed the power of Zot.
 36193 | D:5      | Touched by the power of Zot.
 36194 | D:5      | Glimpsed the power of Zot.
 36690 | D:5      | Glimpsed the power of Zot.
 37088 | D:5      | Glimpsed the power of Zot.
 37186 | D:5      | Touched by the power of Zot.
 37187 | D:5      | Glimpsed the power of Zot.
 37684 | D:5      | Glimpsed the power of Zot.
 38082 | D:5      | Glimpsed the power of Zot.
 38180 | D:5      | Touched by the power of Zot.
 38181 | D:5      | Quit the game

Levels and vault maps discovered:
D:1:      scummos_arrival_simple_fountains, layout_rooms,
          serial_co_window_serial, co_window_of_opportunity_a,
          co_window_of_opportunity_a, co_window_paths_a, co_window_corner_a,
          co_window_paths_b, co_window_paths_a, co_window_paths_b,
          co_window_paths_c, co_window_unsneaky_path_c, co_window_2corner,
          co_window_paths_d, glass_columns_a, glass_columns_b, glass_columns_a,
          glass_columns_b, glass_columns_c
D:2:      layout_basic, serial_shops, nicolae_shop_statue_plus,
          nicolae_shop_stone, shop, nicolae_diamond_shop, basic_altar,
          st_stairs_10
D:3:      layout_rooms, nicolae_ru_awakened_eye, elyvilon_altar_5,
          gup_sewer_entry_pipe, minmay_snake_closets
D:4:      layout_rooms, nicolae_overflow_hidden_temple, marbit_many_paths,
          minmay_temple_entry_slanted, serial_shops, shop, shop_coins,
          nicolae_shop_bloodbath_and_beyond, shop_scrolls
D:5:      layout_basic, mainiacjoe_overflow_tiny_flanked, serial_bayou,
          serial_bayou_pond_b, serial_bayou_crossing, serial_bayou_lake_a,
          serial_bayou_shore_b, serial_bayou_pond_e
Temple:   hellmonk_temple_forest_ring

Skill      XL: |  1  2  3  4  5  6  7 |
---------------+----------------------+-----
Axes           | 2 3 4 5 7 |  7.0
Fighting       | 4 |  4.7
Dodging        | 1 |  1.0
Armour         | |  3.2
Shields        | |  3.2

Action                   |  1- 3 |  4- 6 |  7- 9 || total
-------------------------+-------+-------+-------++-------
Melee: War axe           |   103 |   189 |    57 ||   349
  Use: Scroll            |     2 |    12 |     2 ||    16
       Potion            |       |     6 |       ||     6
Armor: Scale mail        |    57 |   102 |       ||   159
       Chain mail        |       |     4 |    43 ||    47
Dodge: Dodged            |    56 |    80 |    42 ||   178
Block: Buckler           |    15 |    34 |    14 ||    63

Table legend:
 A = Non-vault XP
 B = Vault XP
 C = Vault XP percentage of total XP
 D = Non-vault monster count
 E = Vault monster count
 F = Vault count percentage of total count
                 A         B        C        D         E       F
            +---------+---------+-------+---------+---------+-------
      Total |     503 |     524 |  51.0 |      67 |      44 |  39.6
            +---------+---------+-------+---------+---------+-------
        D:1 |      38 |       0 |   0.0 |      24 |       0 |   0.0
        D:2 |      46 |      17 |  27.0 |      13 |       3 |  18.8
        D:3 |      11 |     112 |  91.1 |       7 |      18 |  72.0
        D:4 |     254 |       3 |   1.2 |      15 |       1 |   6.2
        D:5 |     154 |     217 |  58.5 |       8 |       4 |  33.3
      Sewer |       0 |     175 | 100.0 |       0 |      18 | 100.0
            +---------+---------+-------+---------+---------+-------
